 Dungeon Crawl Stone Soup version 0.29-a0-1043-g569b05d6ff (webtiles) character file.

Game seed: 17561172665756619931

15568 SensoryNuts the Basher (level 12, -4/85 HPs)
             Began as a Merfolk Fighter on Aug 15, 2022.
             Was a Believer of Hepliaklqana.
             Slain by an orc knight
             ... wielding a +0 great mace
              (12 damage)
             ... on level 2 of the Orcish Mines.
             The game lasted 00:21:09 (14119 turns).

SensoryNuts the Basher (Merfolk Fighter)           Turns: 14119, Time: 00:21:10

Health: -4/85      AC: 34    Str: 26    XL:     12   Next: 28%
Magic:  10/12      EV: 10    Int:  9    God:    Hepliaklqana [**....]
Gold:   971        SH:  6    Dex: 17    Spells: 11/11 levels left

rFire   . . .      SeeInvis +   t - +8 whip of Evisceration {holy, +Blink Int+2}
rCold   . . .      Faith    .   c - +0 buckler
rNeg    . . .      Spirit   .   l - +15 Maxwell's patent armour {-Cast -Tele rElec Will+ rCorr}
rPois   .          Reflect  .   m - +0 helmet
rElec   +          Harm     .   z - +2 cloak
rCorr   +          Rampage  .   p - +0 pair of gloves
Will    +....      NoTele   +   (no boots)
Stlth   .......... NoCast   +   (no amulet)
HPRegen 0.24/turn               v - +6 ring of strength
MPRegen 0.13/turn               w - ring of see invisible

@: no status effects
A: reduced essence, (nimble swimmer 2), mertail, thin skeletal structure 1,
mutation resistance 1
a: Renounce Religion, Evoke Blink, Recall Ancestor, Ancestor Identity


You were on level 2 of the Orcish Mines.
You worshipped Hepliaklqana.
Hepliaklqana was pleased with you.
You visited 3 branches of the dungeon, and saw 13 of its levels.
You also visited: Ossuary.

You collected 1091 gold pieces.
You spent 120 gold pieces at shops.

Inventory:

Hand Weapons
 a - a +0 trident
 t - the +8 whip of Evisceration (weapon) {holy, +Blink Int+2}
   (You found it on level 4 of the Dungeon)

   It has been blessed by the Shining One to cause great damage to the undead
   and demons.
   Int:       It affects your intelligence (+2).
   +Blink:    It lets you blink.
Missiles
 g - 2 throwing nets (quivered)
Armour
 c - a +0 buckler (worn)
 l - the +15 Maxwell's patent armour (worn) {-Cast -Tele rElec Will+ rCorr}
   (You acquired it on level 6 of the Dungeon)

   rElec:     It insulates you from electricity.
   -Cast:     It prevents spellcasting.
   -Tele:     It prevents most forms of teleportation.
   rCorr:     It protects you from acid and corrosion.
   Will:      It increases your willpower.
 m - a +0 helmet (worn)
 p - a +0 pair of gloves (worn)
 z - a +2 cloak (worn)
Jewellery
 f - a ring of positive energy
 j - a ring of willpower
 n - a ring of magical power
 v - a +6 ring of strength (left hand)
 w - a ring of see invisible (right hand)
 x - an amulet of magic regeneration
 D - a ring of willpower
Wands
 k - a wand of light (10)
 u - a wand of mindburst (11)
 y - a wand of flame (34)
Scrolls
 d - 2 scrolls of poison
 e - a scroll of immolation
 o - 2 scrolls of fog
 C - a scroll of noise
 F - a scroll of blinking
Potions
 h - a potion of curing
 q - a potion of resistance
 r - a potion of degeneration
 s - a potion of lignification
 A - a potion of cancellation


   Skills:
 + Level 9.1 Fighting
 + Level 10.0 Maces & Flails
 + Level 6.2 Polearms
 + Level 8.3 Armour
 + Level 5.8 Dodging
 + Level 2.6 Stealth
 + Level 6.9 Shields


You had 11 spell levels left.
You didn't know any spells.
Your spell library contained the following spells:

 Spells                   Type           Power      Damage    Failure   Level
 Apportation              Tloc           0%         N/A       99%         1
 Foxfire                  Conj/Fire      0%         2x1d4     99%         1
 Freeze                   Ice            0%         1d3       99%         1
 Necrotise                Necr           0%         1d4       99%         1
 Sandblast                Erth           0%         2d4       99%         1
 Summon Small Mammal      Summ           0%         N/A       99%         1
 Ensorcelled Hibernation  Hex/Ice        0%         N/A       100%        2
 Passwall                 Tmut/Erth      0%         N/A       100%        2
 Conjure Flame            Conj/Fire      0%         6-21      100%        3
 Frozen Ramparts          Ice            0%         1d1       100%        3
 Gell's Gravitas          Tloc           0%         N/A       100%        3
 Inner Flame              Hex/Fire       0%         N/A       100%        3
 Lesser Beckoning         Tloc           0%         N/A       100%        3
 Spider Form              Tmut/Pois      0%         N/A       100%        3
 Stone Arrow              Conj/Erth      0%         3d7       100%        3
 Teleport Other           Tloc           0%         N/A       100%        3
 Anguish                  Hex/Necr       0%         N/A       100%        4
 Flame Wave               Conj/Fire      0%         2d4       100%        4
 Hailstorm                Conj/Ice       0%         3d3       100%        4


Dungeon Overview and Level Annotations

Branches:
Dungeon (10/15)            Temple (1/1) D:6            Lair (0/5) D:9
    Orc (2/2) D:9             Elf (0/3) Orc:2       Ossuary (visited)

Altars:
Ashenzari
Cheibriados
Dithmenos
Elyvilon
Gozag
Hepliaklqana
Kikubaaqudgha
Makhleb
Qazlal
Ru
Trog
Vehumet
Xom
Yredelemnul
Zin

Shops:
D:2 !   Orc:2 ((**[


Innate Abilities, Weirdness & Mutations

Your life essence is reduced to manifest your ancestor. (-10% HP)
((You are very nimble when in or above water. (Stealth+, EV+, Speed+++)))
Your lower body shifts to a powerful aquatic tail in water.
You have a somewhat thin skeletal structure. (Dex +2, Stealth+)
You are somewhat resistant to further mutation.


Message History

You are too injured to fight recklessly!
You are too injured to fight recklessly!
You are too injured to fight recklessly!
You are too injured to fight recklessly!
You are too injured to fight recklessly!
You are too injured to fight recklessly!
You are too injured to fight recklessly!
You are too injured to fight recklessly!
You are too injured to fight recklessly!
You are too injured to fight recklessly!
You are too injured to fight recklessly!
You are too injured to fight recklessly!
You are too injured to fight recklessly!
You are too injured to fight recklessly!
You are too injured to fight recklessly!
You are too injured to fight recklessly!
You are too injured to fight recklessly!
You are too injured to fight recklessly!
Peep is recalled.
The warg closely misses you. You block the orc warrior's attack.
The orc knight barely misses you.
You closely miss the warg.
The orc warrior no longer looks unusually strong.
The warg barely misses you.
The orc knight roars a battlecry!
The orc warrior goes into a battle-frenzy!
The orc warrior hits you but does no damage.
You whack the warg!
The warg is moderately wounded.
You block the warg's attack.
You hit the warg but do no damage.
The warg is moderately wounded.
The orc knight hits you with a +0 great mace!!
* * * LOW HITPOINT WARNING * * *
The orc warrior hits you from afar with a +0 halberd!
* * * LOW HITPOINT WARNING * * *
You block the warg's attack.
The orc knight attacks as you move away!
The orc knight hits you with a +0 great mace!
You die...

........,,,,,,,,,,,,,**
........,.......,...#.##
.......P,.......,......#
........,..∩....,$.....#
......P.,.8.....,.....#*
.......,,.......,.....#
........,.......#o....#
........P.PP..hoh....##
...........,,,##@.....#
...#.....#*,**#.R.#...#*
....#...#****##..##*,..#
........### #...# *,,,#
........#.## ##.## *,,,*
...........###...##**,**
.......)..###.....##***
..##.##))##........#
.#######)#........#####


You could see the friendly Peep the battlemage, an orc knight (ally target), 2
wargs and an orc warrior (strong).

Vanquished Creatures
  An orc warlord (D:9)
  2 two-headed ogres
  3 orc knights
  2 orc sorcerers (Orc:2)
  Joseph (D:8)
  4 trolls
  A wraith (D:8)
  15 yaks
  A steam dragon (D:9)
  Menkaure (D:5)
  A warg (Orc:1)
  3 ice beasts
  12 orc warriors
  A black bear (D:6)
  2 ogres
  2 centaurs (D:8)
  A phantom (D:7)
  An elf zombie (Ossuary)
  2 bullfrogs
  2 necrophages
  A scorpion (D:7)
  A gnoll sergeant (D:9)
  Dowan (D:7)
  3 killer bees (D:9)
  The ghost of SensoryNuts the Trooper, a weakling DsFi of Xom (D:3)
  2 centaur zombies (Ossuary)
  11 orc priests
  Crazy Yiuf (D:4)
  2 iguanas (D:5)
  9 orc wizards
  Natasha (thrice) (D:3)
  2 mummies (Ossuary)
  Robin (D:4)
  9 gnolls
  3 adders
  A white imp (D:5)
  An ufetubus (D:5)
  A worm (D:2)
  2 dart slugs
  42 orcs
  5 endoplasms
  2 giant cockroaches
  7 goblins
  13 hobgoblins
  11 jackals
  9 kobolds
  3 quokkas
  2 ball pythons
  3 bats
  3 frilled lizards
  4 gnoll zombies (Ossuary)
  3 goblin zombies (Ossuary)
  4 orc zombies (Ossuary)
  11 rats
235 creatures vanquished.

Vanquished Creatures (collateral kills)
  An orc high priest (Orc:2)
  2 orc knights
  2 orc sorcerers (Orc:2)
  A yak (D:9)
  Duvessa (D:7)
  7 orc warriors
  3 ogres
  2 centaurs
  A kobold brigand (D:9)
  A bullfrog (D:8)
  A killer bee (D:9)
  2 orc priests
  2 gnolls (D:9)
  A dart slug (D:9)
  17 orcs
44 creatures vanquished.

Vanquished Creatures (others)
  5 battlemagi
  3 ancestors
  11 fungi
  A plant (D:2)
20 creatures vanquished.

Grand Total: 299 creatures vanquished

Notes
Turn   | Place    | Note
-------+----------+-------------------------------------------
     0 | D:1      | SensoryNuts the Merfolk Fighter began the quest for the
                  | Orb.
     0 | D:1      | Reached XP level 1. HP: 18/18 MP: 1/1
   132 | D:1      | Reached XP level 2. HP: 24/24 MP: 2/2
   961 | D:2      | Reached XP level 3. HP: 27/29 MP: 3/3
  1054 | D:2      | Found Eqyiriff's Distillery.
  1126 | D:2      | Found a faded altar of an unknown god.
  1130 | D:2      | Got Plato's Secrets of Confrontation
  1263 | D:2      | You fall into a shaft and drop 1 floor!
  1293 | D:3      | Noticed Natasha
  1298 | D:3      | Killed Natasha
  1392 | D:3      | Reached XP level 4. HP: 29/37 MP: 4/4
  1908 | D:3      | Found a large runed translucent door.
  1908 | D:3      | Found a large runed translucent door.
  1912 | D:3      | Noticed SensoryNuts's ghost (weakling DsFi)
  2045 | D:3      | Found a burning altar of Makhleb.
  2047 | D:3      | Noticed a cacodemon
  2062 | D:3      | Noticed a ynoxinul
  2062 | D:3      | Noticed a neqoxec
  2070 | D:3      | Noticed Natasha
  2076 | D:3      | Killed Natasha
  2081 | D:3      | Noticed Natasha
  2085 | D:3      | Killed Natasha
  2086 | D:3      | Reached XP level 5. HP: 33/42 MP: 5/5
  2336 | D:3      | Killed SensoryNuts's ghost
  2337 | D:3      | Reached skill level 5 in Polearms
  2344 | D:3      | Identified the +4 scale mail "Tumyrona" {+Blink Dex+2}
  2349 | D:3      | Gained mutation: You are somewhat resistant to further
                  | mutation. [potion of mutation]
  2349 | D:3      | Gained mutation: Your muscles are strong. (Str +4, Int/Dex
                  | -1) [potion of mutation]
  2820 | D:4      | Identified the +8 whip of Evisceration {holy, +Blink Int+2}
  2872 | D:4      | Found a sand-covered staircase.
  2877 | Ossuary  | Entered an ossuary
  2890 | Ossuary  | Reached XP level 6. HP: 45/48 MP: 6/6
  2941 | Ossuary  | Reached skill level 1 in Dodging
  3031 | D:4      | Reached skill level 1 in Maces & Flails
  3566 | D:4      | Reached XP level 7. HP: 30/55 MP: 7/7
  3791 | D:4      | Noticed Robin
  3791 | D:4      | Identified the +5 ring mail of Unugyor {rElec rCorr Int+2}
  3804 | D:4      | Killed Robin
  4080 | D:4      | Found a runed translucent door.
  4081 | D:4      | Noticed Crazy Yiuf
  4089 | D:4      | Killed Crazy Yiuf
  4278 | D:5      | Entered Level 5 of the Dungeon
  4323 | D:5      | Reached skill level 1 in Stealth
  4353 | D:5      | Noticed Menkaure
  4359 | D:5      | Killed Menkaure
  4360 | D:5      | Reached skill level 2 in Maces & Flails
  4776 | D:5      | Found a broken altar of Ashenzari.
  4880 | D:5      | Reached XP level 8. HP: 61/61 MP: 8/8
  4883 | D:5      | Found a basalt altar of Yredelemnul.
  5107 | D:6      | Reached skill level 3 in Maces & Flails
  5142 | D:6      | Found a staircase to the Ecumenical Temple.
  5157 | Temple   | Entered the Ecumenical Temple
  5228 | Temple   | Became a worshipper of Hepliaklqana the Forgotten
  5876 | D:6      | Identified a scroll of acquirement
  5876 | D:6      | Acquired the +15 Maxwell's patent armour {-Cast -Tele rElec
                  | Will+ rCorr}
  5876 | D:6      | Found the +15 Maxwell's patent armour {-Cast -Tele rElec
                  | Will+ rCorr}
  6165 | D:7      | Reached skill level 5 in Fighting
  6218 | D:7      | Reached skill level 4 in Maces & Flails
  6292 | D:7      | Reached * piety under Hepliaklqana
  6312 | D:7      | Found a white marble altar of Elyvilon.
  6327 | D:7      | Found an opulent altar of Gozag.
  6526 | D:7      | Found a glowing silver altar of Zin.
  6570 | D:7      | Reached XP level 9. HP: 54/61 MP: 9/9
  6918 | D:7      | Noticed Dowan
  6920 | D:7      | Noticed Duvessa
  6929 | D:7      | Killed Duvessa
  6930 | D:7      | Reached skill level 5 in Maces & Flails
  6930 | D:7      | Reached skill level 5 in Armour
  6946 | D:7      | Killed Dowan
  7082 | D:8      | Noticed a two-headed ogre
  7338 | D:6      | Killed a two-headed ogre
  7515 | D:8      | Reached skill level 6 in Maces & Flails
  7625 | D:8      | Found a shimmering altar of Xom.
  7626 | D:8      | Found a shimmering altar of Xom.
  7667 | D:8      | Found a shimmering altar of Xom.
  7668 | D:8      | Noticed a yaktaur
  7670 | D:8      | Found a shimmering altar of Xom.
  7684 | D:8      | Noticed a troll
  7833 | D:8      | Noticed Joseph
  7854 | D:8      | Killed Joseph
  7855 | D:8      | Reached XP level 10. HP: 41/69 MP: 10/10
  8269 | D:8      | Reached skill level 7 in Maces & Flails
  8287 | D:8      | Reached skill level 5 in Dodging
  8527 | D:9      | Found a staircase to the Lair.
  8528 | D:9      | Reached ** piety under Hepliaklqana
  8529 | D:9      | Remembered your ancestor Peep as a battlemage
  8533 | D:9      | Found a snail-covered altar of Cheibriados.
  8545 | D:9      | Reached skill level 5 in Shields
  8860 | D:9      | Reached skill level 8 in Maces & Flails
  8879 | D:9      | Reached XP level 11. HP: 54/77 MP: 11/11
  9020 | D:9      | Found a staircase to the Orcish Mines.
  9314 | Orc:1    | Entered Level 1 of the Orcish Mines
  9397 | Orc:2    | Entered Level 2 of the Orcish Mines
  9405 | Orc:2    | Noticed an orc sorcerer
  9405 | Orc:2    | Noticed an orc high priest
  9413 | Orc:2    | Found Qatzon Ziug's Antique Weapon Shoppe.
  9662 | Orc:2    | Gained mutation: Your movements are slightly less
                  | encumbered by armour. (ER -2) [a neqoxec]
  9665 | Orc:2    | Found a gate leading to a gauntlet.
  9679 | Orc:2    | Noticed a sun demon
  9713 | Orc:2    | Noticed a sixfirhy
  9837 | Orc:2    | Killed an orc sorcerer
  9845 | Orc:2    | Killed an orc high priest
 10031 | Orc:2    | Noticed an orc knight
 10035 | Orc:2    | Noticed an orc sorcerer
 10250 | D:9      | Killed an orc knight
 10251 | D:9      | Reached skill level 9 in Maces & Flails
 10613 | Orc:2    | Paralysed by an orc sorcerer for 5 turns
 10618 | Orc:2    | Killed an orc sorcerer
 10638 | Orc:2    | Found Nuemp's Antique Weapon Shoppe.
 10825 | Orc:2    | Noticed an orc knight
 10826 | Orc:2    | Found Qebleebin's General Store.
 10828 | Orc:2    | Noticed an orc sorcerer
 10836 | Orc:2    | Noticed a sun demon
 11195 | Orc:1    | Killed an orc knight
 11316 | Orc:2    | Killed an orc sorcerer
 11495 | Orc:2    | Found a staircase to the Elven Halls.
 11561 | Orc:2    | Noticed an orc sorcerer
 11561 | Orc:2    | Noticed an orc knight
 11562 | Orc:2    | Noticed an orc warlord
 11562 | Orc:2    | Noticed an orc knight
 11562 | Orc:2    | Noticed an orc knight
 11574 | Orc:2    | Noticed a sun demon
 12147 | D:9      | HP: 3/78 [orc knight/+0 war axe (21)]
 12231 | D:8      | Killed an orc knight
 12509 | D:10     | Entered Level 10 of the Dungeon
 12532 | D:8      | Noticed a faun
 12532 | D:8      | Noticed a faun
 12930 | D:9      | Killed an orc knight
 13053 | D:9      | Killed an orc warlord
 13054 | D:9      | Reached XP level 12. HP: 37/84 MP: 12/12
 13448 | Orc:2    | Paralysed by an orc sorcerer for 3 turns
 13871 | Orc:2    | Found Feusedam's General Store.
 13874 | Orc:2    | Noticed a two-headed ogre
 13884 | Orc:2    | Killed a two-headed ogre
 13885 | Orc:2    | Reached skill level 10 in Maces & Flails
 13975 | Orc:2    | Bought a potion of mutation for 120 gold pieces
 13975 | Orc:2    | Lost mutation: Your muscles are strong. (Str +4, Int/Dex
                  | -1) [potion of mutation]
 13975 | Orc:2    | Lost mutation: Your movements are slightly less encumbered
                  | by armour. (ER -2) [potion of mutation]
 13975 | Orc:2    | Gained mutation: You have a somewhat thin skeletal
                  | structure. (Dex +2, Stealth+) [potion of mutation]
 14092 | Orc:2    | Found Econih's Antique Armour Boutique.
 14119 | Orc:2    | Slain by an orc knight

Illustrated notes

Levels and vault maps discovered:
D:1:      lightli_arrival_farm, layout_loops_ring, minmay_tree_intersection
D:2:      layout_loops_cross, shapermc_ecumenical_altar_rom_forum, serial_shops,
          shop
D:3:      layout_loops_ring, makhleb_altar_promises_db,
          ebering_ghost_disaster_area, uniq_natasha
D:4:      layout_basic, enter_ossuary_2, nrook_loot_triangle,
          uniq_crazy_yiuf_cottage, uniq_robin
D:5:      layout_basic, nicolae_ashenzari_skybound, overflow_temple_1_default,
          uniq_menkaure
D:6:      layout_cave_pools, minmay_temple_entry_water_ring, chequers_avenue
D:7:      layout_basic, kennysheep_mini_moat, mainiacjoe_overflow_boulevard,
          nicolae_gozag_cash_rules_everything_around_me, uniq_duvessa
D:8:      layout_cave_pods, xom_shifter_show, grunt_ministairs_2,
          amethyst_killhole, minmay_liquid_box, uniq_joseph
D:9:      layout_cave_pools, kennysheep_slug_shrine, dpeg_oklobed_lair,
          david_orc_2
D:10:     layout_layer_cave, mainiacjoe_overflow_alcove_2,
          nicolae_overflow_crystal_walls, nicolae_overflow_two_pavilions,
          mainiacjoe_overflow_chevrons, mainiacjoe_overflow_divided_tiny,
          uniq_maurice, uniq_gastronok
Temple:   nicolae_temple_ecumenical_triangle
Orc:1:    layout_diamond_mine, nicolae_orc_lava_room
Orc:2:    grunt_orc_gardens, layout_caves, grunt_orc_garden, grunt_orc_garden,
          grunt_orc_garden, grunt_orc_garden, serial_shops, shop,
          nicolae_shop_statue_plus, nicolae_shop_advertising_works
          [nicolae_subvault_shop_adworks], gauntlet_entry_generic,
          portal_ice_cave_entry_pillars_1

Skill      XL: |  1  2  3  4  5  6  7  8  9 10 11 12 |
---------------+-------------------------------------+-----
Polearms       | 3 4 5 6 |  6.2
Armour         | 3 4 6 7 8 |  8.3
Fighting       | 4 5 6 8 9 |  9.1
Dodging        | 1 2 4 5 |  5.8
Maces & Flails | 1 2 4 6 8 9 10 | 10.0
Stealth        | 1 2 |  2.6
Shields        | 4 5 6 |  6.9

Action                   |  1- 3 |  4- 6 |  7- 9 | 10-12 || total
-------------------------+-------+-------+-------+-------++-------
Melee: Trident           |    98 |    89 |       |       ||   187
       Whip              |       |    79 |   285 |   480 ||   844
Invok: Ancestor Identity |       |       |     2 |       ||     2
       Ancestor Life: Ba |       |       |       |     1 ||     1
       Recall Ancestor   |       |       |       |     3 ||     3
  Use: Scroll            |     4 |     2 |     8 |     6 ||    20
       Potion            |       |     4 |     6 |     8 ||    18
 Stab: Distracted        |       |       |       |     2 ||     2
Armor: Scale mail        |    11 |    46 |    92 |       ||   149
       Chain mail        |    33 |    30 |       |       ||    63
       Plate armour      |       |       |   102 |   329 ||   431
Dodge: Dodged            |    30 |    65 |   126 |   251 ||   472
Block: Buckler           |    11 |    35 |    72 |   150 ||   268

Table legend: (Time is in decaauts)
 A = Elapsed time spent in this place.
 B = Non-inter-level travel time spent in this place.
 C = Inter-level travel time spent in this place.
 D = Time resting spent in this place.
 E = Time spent auto-exploring this place.
 F = Levels seen in this place.
 G = Mean time per level.
                   A        B        C        D        E       F      G
               +--------+--------+--------+--------+--------+-----+--------+
         Total |  14008 |  13332 |    676 |    399 |  10683 |  14 | 1000.6 |
       Dungeon |  10653 |   9983 |    670 |    399 |   7984 |  10 | 1065.3 |
        Temple |     76 |     76 |      0 |      0 |     38 |   1 |   76.0 |
  Orcish Mines |   3134 |   3128 |      6 |      0 |   2583 |   2 | 1567.0 |
       Ossuary |    143 |    143 |      0 |      0 |     78 |   1 |  143.0 |
               +--------+--------+--------+--------+--------+-----+--------+

Top non-repeatable levels by time:
     D:9: 1804 daAuts
     D:8: 1707 daAuts
   Orc:1: 1699 daAuts
   Orc:2: 1435 daAuts
     D:4: 1370 daAuts
     D:3: 1202 daAuts
     D:7: 1027 daAuts
     D:6: 1011 daAuts
     D:5: 927 daAuts
     D:1: 902 daAuts
     D:2: 698 daAuts
 Ossuary: 143 daAuts
  Temple: 76 daAuts
    D:10: 1 daAuts
